 Dungeon Crawl Stone Soup version 0.29-a0-561-ga02bf68b3c (webtiles) character file.

Game seed: 11481602011880615294

5248 Nedwor the Cruncher (level 10, -21/96 HPs)
             Began as a Minotaur Gladiator on June 11, 2022.
             Was a High Priest of Uskayaw.
             Demolished by a two-headed ogre
             ... wielding a +0 giant club
              (26 damage)
             ... on level 9 of the Dungeon.
             The game lasted 00:15:04 (10167 turns).

Nedwor the Cruncher (Minotaur Gladiator)           Turns: 10167, Time: 00:15:05

Health: -21/96     AC: 15    Str: 24    XL:     10   Next: 36%
Magic:  9/9        EV:  8    Int:  5    God:    Uskayaw [*****.]
Gold:   390        SH:  0    Dex: 11    Spells: 9/9 levels left

rFire   . . .      SeeInvis .   w - +4 quarterstaff
rCold   . . .      Faith    .   (shield currently unavailable)
rNeg    + . .      Spirit   .   A - +0 plate armour
rPois   .          Reflect  .   c - +1 hat
rElec   .          Harm     .   (no cloak)
rCorr   .          Rampage  .   q - +1 pair of gloves
Will    .....                   x - +0 pair of boots
Stlth   ..........              (no amulet)
HPRegen 0.26/turn               n - +4 ring of slaying
MPRegen 0.11/turn               E - ring of positive energy

@: marked
A: horns 2, retaliatory headbutt
a: Renounce Religion, Stomp, Line Pass, Grand Finale


You were on level 9 of the Dungeon.
You worshipped Uskayaw.
Uskayaw was noncommittal.
You visited 2 branches of the dungeon, and saw 10 of its levels.
You also visited: Sewer.

You collected 468 gold pieces.
You spent 78 gold pieces at shops.

Inventory:

Hand Weapons
 w - a +4 quarterstaff (weapon)
Missiles
 d - 3 throwing nets
 e - 7 javelins
Armour
 c - a +1 hat (worn)
 q - a +1 pair of gloves (worn)
 x - a +0 pair of boots (worn)
 y - a +0 buckler
 A - a +0 plate armour (worn)
Jewellery
 a - an amulet of magic regeneration
 b - a ring of fire
 n - a +4 ring of slaying (left hand)
 D - a ring of ice
 E - a ring of positive energy (right hand)
 H - a ring of protection from fire
Wands
 t - a wand of digging (2)
 F - a wand of iceblast (10)
Scrolls
 f - 2 scrolls of silence
 g - 2 scrolls of fear
 h - 2 scrolls of enchant weapon
 m - 2 scrolls of blinking
 o - 2 scrolls of magic mapping
 r - 3 scrolls of teleportation
 z - a scroll of enchant armour
 B - 2 scrolls of identify
 C - 3 scrolls of summoning
 I - a scroll of amnesia {unknown}
Potions
 i - 4 potions of brilliance
 j - 4 potions of curing
 k - 2 potions of resistance
 l - a potion of berserk rage
 p - 2 potions of heal wounds {unknown}
 s - 3 potions of might
 u - 2 potions of magic
 v - a potion of ambrosia {unknown}
 G - a potion of flight


   Skills:
 + Level 11.3 Fighting
 - Level 14.0 Staves
 - Level 2.0 Throwing
 + Level 3.6 Armour
 + Level 4.8 Dodging


You had 9 spell levels left.
You didn't know any spells.
Your spell library contained the following spells:

 Spells                   Type           Power      Damage    Failure   Level
 Freeze                   Ice            0%         1d3       100%        1
 Passwall                 Tmut/Erth      0%         N/A       100%        2
 Searing Ray              Conj           0%         2d4       100%        2
 Sublimation of Blood     Necr           0%         N/A       100%        2
 Frozen Ramparts          Ice            0%         1d2       100%        3
 Gell's Gravitas          Tloc           0%         N/A       100%        3
 Lesser Beckoning         Tloc           0%         N/A       100%        3
 Portal Projectile        Hex/Tloc       0%         N/A       100%        3
 Teleport Other           Tloc           0%         N/A       100%        3
 Tukima's Dance           Hex            0%         N/A       100%        3
 Hailstorm                Conj/Ice       0%         3d3       100%        4
 Blade Hands              Tmut           0%         N/A       100%        5


Dungeon Overview and Level Annotations

Branches:
Dungeon (9/15)             Temple (1/1) D:5            Lair (0/6) D:8
  Sewer (visited)
    Orc: D:9-12

Altars:
Cheibriados
Dithmenos
Elyvilon
Fedhas
Gozag
Hepliaklqana
Kikubaaqudgha
Makhleb
Nemelex Xobeh
Okawaru
Qazlal
Ru
Trog
Uskayaw
Vehumet
Wu Jian
Xom
Yredelemnul
Zin
The Shining One

Shops:
D:3 *


Innate Abilities, Weirdness & Mutations

You have a pair of horns on your head.
You reflexively headbutt those who attack you in melee.


Message History

The gnoll hits you but does no damage.
Things that are here:
a +1 spear of freezing; a gnoll corpse You thump the gnoll!
You kill the gnoll!
You closely miss the gnoll.
The gnoll is heavily wounded.
You hit the gnoll.
You kill the gnoll!
Things that are here:
a +0 flail; a +0 flail The two-headed ogre hits you with a +0 giant club! x2
Things that are here:
a +1 spear of freezing; a gnoll corpse You sock the two-headed ogre!
The two-headed ogre is moderately wounded.
You can now merge with and destroy a victim.
You barely miss the two-headed ogre.
The two-headed ogre is moderately wounded.
The two-headed ogre hits you with a +0 giant club! x2
* * * LOW HITPOINT WARNING * * *
You barely miss the two-headed ogre.
The two-headed ogre is moderately wounded.
You hit the two-headed ogre.
Your headbutt misses the two-headed ogre.
The two-headed ogre is moderately wounded.
You sock the two-headed ogre! You headbutt the two-headed ogre!
The two-headed ogre is severely wounded.
A shadow comes into view.
The two-headed ogre hits you with a +0 giant club!
* * * LOW HITPOINT WARNING * * *
The two-headed ogre hits you with a +0 giant club!
* * * LOW HITPOINT WARNING * * *
You barely miss the two-headed ogre.
The two-headed ogre is severely wounded.
A centaur comes into view.
You barely miss the two-headed ogre.
The two-headed ogre is severely wounded.
The two-headed ogre hits you with a +0 giant club!!
You die...

####.## #.#.### #....#
#...... #.#### ##...##
#.# ## ##.....# #$##.##
#.......
#######.#...####........
.).O..cW)......+........
#######O#...####........
#@##.## ##>...... #)# ##
##.....# #....# ##...##
..###.# ##+# ..## #..
#.. #.. ###


You could see a two-headed ogre, a shadow and a centaur.

Vanquished Creatures
  Pikel (D:9)
  Joseph (D:7)
  A komodo dragon (D:8)
  Maggie (D:6)
  A troll (D:9)
  Sigmund (D:5)
  Menkaure (D:6)
  3 black bears
  3 ogres (D:5)
  2 centaurs
  2 phantoms
  3 kobold brigands
  Blork the orc (D:6)
  3 bullfrogs
  A gnoll sergeant (D:7)
  A necrophage (D:7)
  3 scorpions
  A water moccasin zombie (D:5)
  3 wights (D:6)
  3 howler monkeys
  9 bullfrog zombies
  A centaur zombie (D:5)
  A human zombie (D:6)
  2 orc priests
  2 hounds
  8 jellies
  2 centaur skeletons (D:5)
  2 gnoll shamans
  A scorpion zombie (D:5)
  Ijyb (D:4)
  4 iguanas
  4 orc wizards
  A killer bee zombie (D:6)
  A hound skeleton (D:5)
  3 mummies (D:6)
  12 gnolls
  14 adders
  A river rat (Sewer)
  A shadow imp (D:8)
  4 white imps
  An ufetubus (D:6)
  An adder skeleton (D:5)
  An adder zombie (D:5)
  A worm (D:2)
  6 dart slugs
  12 orcs
  11 ball pythons
  13 endoplasms
  7 giant cockroaches
  4 goblins
  10 hobgoblins
  11 jackals
  5 quokkas
  8 bats
  8 frilled lizards
  16 kobolds
  3 rats (Sewer)
228 creatures vanquished.

Vanquished Creatures (others)
  6 plants (D:8)
6 creatures vanquished.

Grand Total: 234 creatures vanquished

Notes
Turn   | Place    | Note
-------+----------+-------------------------------------------
     0 | D:1      | Nedwor the Minotaur Gladiator began the quest for the Orb.
     0 | D:1      | Reached XP level 1. HP: 18/18 MP: 0/0
   124 | D:1      | Reached skill level 4 in Staves
   266 | D:1      | Reached XP level 2. HP: 25/25 MP: 1/1
   511 | D:1      | Reached XP level 3. HP: 31/31 MP: 2/2
   778 | D:1      | Found a faded altar of an unknown god.
  1170 | D:2      | Reached skill level 5 in Staves
  1541 | D:2      | Reached XP level 4. HP: 27/38 MP: 3/3
  2444 | D:3      | Found a white marble altar of Elyvilon.
  2564 | D:3      | Found Acuucek's Assorted Antiques.
  2696 | D:3      | Found a glowing golden altar of the Shining One.
  2777 | D:3      | Reached skill level 6 in Staves
  2781 | D:3      | Reached XP level 5. HP: 9/46 MP: 4/4
  3039 | D:3      | Found an opulent altar of Gozag.
  3514 | D:4      | Noticed a phantom
  3517 | D:4      | Killed a phantom
  3518 | D:4      | Reached skill level 7 in Staves
  3518 | D:4      | Reached XP level 6. HP: 50/55 MP: 5/5
  3800 | D:4      | Noticed Ijyb
  3810 | D:4      | Killed Ijyb
  3811 | D:4      | Reached skill level 5 in Fighting
  4141 | D:4      | Reached skill level 8 in Staves
  4284 | D:5      | Entered Level 5 of the Dungeon
  4300 | D:5      | Found an iron altar of Okawaru.
  4445 | D:5      | Reached XP level 7. HP: 61/61 MP: 6/6
  4547 | D:5      | Found a staircase to the Ecumenical Temple.
  4573 | Temple   | Entered the Ecumenical Temple
  4637 | Temple   | Became a worshipper of Uskayaw the Reveller
  4678 | D:5      | Reached * piety under Uskayaw
  4680 | D:5      | Reached ** piety under Uskayaw
  4681 | D:5      | Reached skill level 9 in Staves
  4711 | D:5      | Reached *** piety under Uskayaw
  4865 | D:5      | Reached XP level 8. HP: 59/71 MP: 7/7
  4978 | D:5      | Found a blossoming altar of Fedhas.
  4988 | D:5      | Noticed Sigmund
  4996 | D:5      | Killed Sigmund
  4997 | D:5      | Reached skill level 10 in Staves
  5207 | D:5      | Reached **** piety under Uskayaw
  5237 | D:5      | Reached skill level 11 in Staves
  5570 | D:6      | Found a glowing drain.
  5585 | Sewer    | Entered a sewer
  5685 | Sewer    | Found a viscous altar of Jiyva.
  5967 | D:6      | Noticed Menkaure
  5973 | D:6      | Killed Menkaure
  5974 | D:6      | Reached skill level 12 in Staves
  5974 | D:6      | Reached XP level 9. HP: 28/82 MP: 8/8
  6288 | D:6      | Noticed Blork the orc
  6291 | D:6      | Killed Blork the orc
  6380 | D:6      | Noticed Maggie
  6389 | D:6      | Killed Maggie
  6480 | D:6      | Reached skill level 13 in Staves
  6485 | D:6      | Reached ***** piety under Uskayaw
  6502 | D:6      | Reached ****** piety under Uskayaw
  6620 | D:6      | Found a basalt altar of Yredelemnul.
  6973 | D:6      | Found a hazy altar of Hepliaklqana.
  7191 | D:7      | Noticed Joseph
  7200 | D:7      | Killed Joseph
  7564 | D:7      | Reached skill level 10 in Fighting
  7617 | D:7      | Reached skill level 14 in Staves
  7903 | D:7      | Found a sacrificial altar of Ru.
  8238 | D:3      | Bought a bubbling green potion for 14 gold pieces
  8238 | D:3      | Bought a scroll labelled NUVVEY CYUPP for 16 gold pieces
  8238 | D:3      | Bought a scroll labelled ZONUQIEQIG for 16 gold pieces
  8238 | D:3      | Bought a scroll of identify for 32 gold pieces
  8540 | D:8      | Reached XP level 10. HP: 62/94 MP: 9/9
  8543 | D:8      | Reached skill level 1 in Armour
  8885 | D:8      | Found a staircase to the Lair.
 10062 | D:9      | Got Fumuic's Primer on Magic
 10138 | D:9      | Noticed Pikel
 10143 | D:9      | Killed Pikel
 10149 | D:9      | Noticed a two-headed ogre
 10165 | D:9      | HP: 4/96 [two-headed ogre/+0 giant club (14)]
 10167 | D:9      | Demolished by a two-headed ogre

Illustrated notes

Levels and vault maps discovered:
D:1:      dpeg_arrival_three_bigger_balls, layout_loops_ring,
          nicolae_ecumenical_lake_church
D:2:      layout_basic, st_stairs_13, roderic_cross_of_infinity,
          minmay_pentomino_s4
D:3:      layout_basic, nicolae_gozag_seed_capital, elyvilon_altar_5,
          nicolae_tso_carved_into_rock, serial_shops, nicolae_lakefront_shop,
          grunt_decor_cap
D:4:      minmay_spotlight, layout_loops_cross, serial_bayou_lagoon_a,
          kennysheep_generic_room_14, uniq_ijyb
D:5:      layout_gridville, okawaru_metal_pillars_1_2,
          mainiacjoe_overflow_concentric_impassable, minmay_temple_entry_trees,
          serial_undead, serial_undead_a, serial_undead_c, serial_undead_e,
          serial_undead_a, serial_undead_d, serial_undead_e,
          kennysheep_generic_room_9, uniq_sigmund
D:6:      layout_loops_ring, lemuel_mausoleum_altar_yredelemnul,
          mainiacjoe_overflow_alcove_2, portal_sewer_entry_f, serial_rivers,
          chequers_serial_rivers_room_a, chequers_serial_rivers_small_a,
          chequers_serial_rivers_micro_a, chequers_serial_rivers_small_a,
          uniq_maggie, uniq_menkaure, uniq_blork_the_orc
D:7:      layout_basic, nicolae_ru_sacrificial_ziggurat, uniq_joseph
D:8:      layout_basic, david_lair_shrubbed
D:9:      layout_loops_corners, led_sif_book, serial_shops,
          kennysheep_little_box, uniq_pikel
Temple:   nicolae_temple_x_marks_the_god

Skill      XL: |  1  2  3  4  5  6  7  8  9 10 |
---------------+-------------------------------+-----
Staves         | 4 5 6 7 8 9 12 14 | 14.0
Fighting       | 3 4 5 6 8 10 11 | 11.3
Armour         | 3 |  3.6
Dodging        | 4 |  4.8
Throwing       | |  2.0

Action                   |  1- 3 |  4- 6 |  7- 9 | 10-12 || total
-------------------------+-------+-------+-------+-------++-------
Melee: Quarterstaff      |    84 |    97 |   260 |    72 ||   513
       Headbutt          |    13 |    15 |    42 |    11 ||    81
  Use: Scroll            |       |     8 |    15 |       ||    23
       Potion            |       |       |     1 |       ||     1
 Stab: Paralysed         |       |       |     8 |     4 ||    12
Armor: Leather armour    |    10 |       |       |       ||    10
       Ring mail         |    19 |     1 |       |       ||    20
       Chain mail        |       |    36 |     8 |       ||    44
       Plate armour      |       |       |   117 |    17 ||   134
Dodge: Dodged            |    64 |    46 |    69 |    18 ||   197

Table legend: (Time is in decaauts)
 A = Elapsed time spent in this place.
 B = Non-inter-level travel time spent in this place.
 C = Inter-level travel time spent in this place.
 D = Time resting spent in this place.
 E = Time spent auto-exploring this place.
 F = Levels seen in this place.
 G = Mean time per level.
                   A        B        C        D        E       F      G
               +--------+--------+--------+--------+--------+-----+--------+
         Total |  10134 |   9683 |    451 |   1202 |   7186 |  11 |  921.3 |
       Dungeon |   9847 |   9400 |    447 |   1202 |   7040 |   9 | 1094.1 |
        Temple |     74 |     70 |      4 |      0 |     44 |   1 |   74.0 |
         Sewer |    212 |    212 |      0 |      0 |    101 |   1 |  212.0 |
               +--------+--------+--------+--------+--------+-----+--------+

Top non-repeatable levels by time:
     D:6: 1444 daAuts
     D:3: 1327 daAuts
     D:2: 1308 daAuts
     D:5: 1211 daAuts
     D:8: 1169 daAuts
     D:1: 1029 daAuts
     D:7: 991 daAuts
     D:4: 895 daAuts
     D:9: 470 daAuts
   Sewer: 212 daAuts
  Temple: 74 daAuts
